AoeStats
← Wizo_Muc

Arabia

509107828Analyzed
1v1 RM · 7d ago on Sep 25, 2026· 29m 49s· 2 players
Game mode
Random Map
Map size
Tiny (2 player)
Population
200
Speed
Normal
Resources
Standard
Victory
Conquest
Starting age
Dark Age
Ending age
Imperial Age
RankedLock teamsTeams togetherTeam positionsShared explorationLock speedFull tech treeHidden civsTurbo modeCheats
Victory
Defeat
🇨🇴 Koreans · Colombia
959
+16
🇩🇪 Aztecs · Germany
954
-16
Wizo_Muc
8:09 Loom
10:31 Feudal Age
11:15 Double-Bit Axe
14:24 Padded Archer Armor
15:31 Wheelbarrow
27:21 Castle Age
28:16 Bow Saw
27:48 Horse Collar
rocka527
2:51 Loom
11:06 Feudal Age
11:41 Double-Bit Axe
15:01 Fletching
22:39 Castle Age
21:00 Horse Collar
23:18 Bodkin Arrow
23:51 Crossbowman
23:54 Elite Skirmisher
27:53 Ballistics
Connection lost

Rejoining the realm…

Still unreachable

The connection could not be restored.

Session expired

The server has moved on; the page needs a fresh start.